 Dungeon Crawl Stone Soup version bcrawl-1.38.1 (webtiles) character file.

Game seed: 8568443535746979832

204937 Anarcat the Covered (level 7, -1/61 HPs)
             Began as a Minotaur Fighter on Mar 31, 2023.
             Shot with an arrow by a centaur (14 damage)
             ... on level 5 of the Dungeon.
             The game lasted 00:19:12 (4791 turns).

Anarcat the Covered (Minotaur Fighter)              Turns: 4791, Time: 00:19:13

Health: -1/61      AC:  9    Str: 22    XL:     7   Next: 74%
Magic:  6/6        EV: 10    Int:  5    God:
Gold:   283        SH:  1    Dex: 10    Spells: 6/6 levels left

rFire    . . .     GDR:     28% x - +0 great sword
rCold    . . .     SeeInvis .   (shield currently unavailable)
rNeg     . . .     Gourm    .   b - +0 scale mail
rPois    .         Faith    .   (helmet restricted)
rElec    .         Spirit   .   (no cloak)
rCorr    .         Reflect  .   k - +0 pair of gloves
MR       .....                  (no boots)
Stlth    ..........             (no amulet)
HPRegen  0.20/turn              n - ring of wizardry
MPRegen  0.10/turn              (no ring)

@: no status effects
A: retaliatory headbutt, horns 2
a: no special abilities


You were on level 5 of the Dungeon.
You were not hungry.

You visited 1 branch of the dungeon, and saw 5 of its levels.

You collected 283 gold pieces.

Inventory:

Hand Weapons
 a - a +0 war axe
 f - a +0 club
 q - a +0 dagger
 t - a +2 whip of pain
 x - a +0 great sword (weapon)
Missiles
 g - 478 bolts
 l - 151 javelins (quivered)
 r - 47 poisoned tomahawks
Armour
 b - a +0 scale mail (worn)
 c - a +0 medium shield
 k - a +0 pair of gloves (worn)
 p - a +0 robe
 s - a +0 ring mail
Jewellery
 n - a ring of wizardry (left hand)
Scrolls
 i - 3 scrolls of identify
 u - a scroll of enchant armour {unknown}
 v - a scroll of fog {unknown}
 w - a scroll of remove curse {unknown}
 y - a scroll of immolation {unknown}
 z - a scroll of enchant weapon {unknown}
Potions
 d - a potion of might
 h - a potion of lignification {unknown}
 j - a potion of cancellation {unknown}
 m - a potion of curing {unknown}
 o - 3 potions of heal wounds {unknown}
 A - 2 potions of mutation {unknown}
 C - a potion of berserk rage {unknown}
 D - a potion of haste {unknown}
Comestibles
 e - 4 rations {!d}


   Skills:
 + Level 5.5 Fighting
 + Level 4.6 Long Blades
 + Level 4.8 Axes
 + Level 6.6 Armour
 + Level 2.0 Dodging
 + Level 1.7 Stealth
 + Level 4.4 Shields


You had 6 spell levels left.
You didn't know any spells.
Your spell library was empty.

Dungeon Overview and Level Annotations

Branches:
Dungeon (5/12)
 Temple: D:4-7

Altars:
Gozag
Kikubaaqudgha
Vehumet
Wu Jian


Innate Abilities, Weirdness & Mutations

You reflexively headbutt those who attack you in melee.
You have a pair of horns on your head.


Message History

The centaur shoots an arrow.
The arrow hits you.
You closely miss the howler monkey.
The howler monkey is moderately wounded.
The howler monkey hits you but does no damage.
The centaur shoots an arrow.
The arrow hits you. The orc closely misses you.
The centaur shoots an arrow.
The arrow hits you but does no damage. The howler monkey hits you.
The orc hits you but does no damage.
You slash the howler monkey!
You kill the howler monkey!
The orc barely misses you.
The centaur shoots an arrow.
The arrow hits you but does no damage.
Your Dodging skill increases to level 2!
The centaur shoots an arrow.
The arrow hits you!
* * * LOW HITPOINT WARNING * * *
The orc misses you.
You barely miss the orc.
The centaur shoots an arrow.
The arrow barely misses you.
The arrow barely misses the orc.
The orc hits you but does no damage.
The centaur shoots an arrow.
The arrow hits you!
You die...

#.........##
#.........#
##.......
#........##
#........
#.......##
##........
##.....##
#.........
###..##
##.........
###.#
#..........
#.####......c...
##.##$.o@.......
#..#...........
##.............
#.............
##............
#>.##########
##.# ... .....


You could see a centaur and an orc.

Vanquished Creatures
  An ice beast (D:5)
  A phantom (D:4)
  An ogre (D:5)
  3 howler monkeys
  2 vampire bats (D:3)
  An orc priest (D:4)
  2 crimson imps
  A bullfrog zombie (D:5)
  2 hounds (D:4)
  A jelly (D:5)
  2 iguanas
  A worker ant (D:5)
  A hound skeleton (D:3)
  2 adders
  An adder skeleton (D:4)
  3 worms (D:3)
  A dart slug (D:1)
  2 leopard geckos (D:1)
  10 orcs
  A giant cockroach (D:1)
  4 goblins (D:1)
  6 hobgoblins
  10 jackals
  A quokka (D:4)
  A ball python (D:1)
  5 bats
  4 frilled lizards
  3 kobolds
  2 rats
75 creatures vanquished.

Vanquished Creatures (others)
  2 kobolds (D:3)
2 creatures vanquished.

Grand Total: 77 creatures vanquished

Notes
Turn   | Place    | Note
-------+----------+-------------------------------------------
     0 | D:1      | Anarcat the Minotaur Fighter began the quest for the Orb.
     0 | D:1      | Reached XP level 1. HP: 19/19 MP: 0/0
   336 | D:1      | Reached XP level 2. HP: 24/27 MP: 1/1
  1167 | D:1      | Reached skill level 4 in Armour
  1562 | D:1      | Reached XP level 3. HP: 32/33 MP: 2/2
  2019 | D:2      | Found an ornate altar of the Wu Jian Council.
  2030 | D:2      | Found an ancient bone altar of Kikubaaqudgha.
  2304 | D:3      | Reached skill level 1 in Dodging
  2304 | D:3      | Reached XP level 4. HP: 38/40 MP: 3/3
  2331 | D:3      | Reached XP level 5. HP: 27/46 MP: 4/4
  2681 | D:3      | Found a radiant altar of Vehumet.
  2734 | D:3      | Reached skill level 5 in Armour
  3235 | D:4      | Reached skill level 1 in Stealth
  3296 | D:4      | Reached XP level 6. HP: 14/55 MP: 5/5
  3782 | D:4      | Reached skill level 5 in Fighting
  3782 | D:4      | Reached skill level 1 in Long Blades
  3943 | D:4      | Found an opulent altar of Gozag.
  4271 | D:5      | Entered Level 5 of the Dungeon
  4293 | D:5      | Reached skill level 6 in Armour
  4293 | D:5      | Reached XP level 7. HP: 36/61 MP: 6/6
  4791 | D:5      | Shot with an arrow by a centaur

Skill      XL: |  1  2  3  4  5  6  7 |
---------------+----------------------+-----
Fighting       | 4 5 |  5.5
Armour         | 4 5 6 |  6.6
Shields        | 4 |  4.4
Axes           | 3 4 |  4.8
Dodging        | 1 2 |  2.0
Stealth        | 1 |  1.7
Long Blades    | 2 4 |  4.6

Action                   |  1- 3 |  4- 6 |  7- 9 || total
-------------------------+-------+-------+-------++-------
Melee: War axe           |    84 |    34 |       ||   118
       Headbutt          |    12 |    19 |     7 ||    38
       Great sword       |       |    51 |    36 ||    87
  Use: Potion            |       |       |     1 ||     1
  Eat: Chunk             |     5 |     8 |       ||    13
       Ration            |     1 |       |     1 ||     2
Armor: Scale mail        |    36 |    68 |    32 ||   136
Dodge: Dodged            |    19 |    43 |    38 ||   100
Block: Medium shield     |    53 |    24 |       ||    77
